 Dungeon Crawl Stone Soup version 0.17-a0-1446-gc28613e (webtiles) character file.

193 nuthulu the Ruffian (level 5, -1/48 HPs)
             Began as a Ghoul Monk on June 28, 2015.
             Slain by mrath's ghost (8 damage)
             ... on level 4 of the Dungeon.
             The game lasted 00:07:16 (3410 turns).

nuthulu the Ruffian (Ghoul Monk)                    Turns: 3410, Time: 00:07:16

Health: -1/48      AC:  3    Str: 16    XL:     5   Next: 72%
Magic:  4/4        EV: 12    Int:  5    God:
Gold:   179        SH:  0    Dex: 11    Spells: 0 memorised, 4 levels left

rFire  . . .     SeeInvis .       - Unarmed
rCold  + . .     Clarity  .     a - +0 robe
rNeg   + + +     SustAt   .     (no shield)
rPois  ∞         Gourm    .     i - +0 helmet
rElec  .         Spirit   .     (no cloak)
rCorr  .         Warding  .     (no gloves)
rMut   .         Stasis   .     (no boots)
MR     .....                    (no amulet)
Stlth  ++........               (no ring)
                                (no ring)

@: rotting, not resistant to hostile enchantments, unstealthy
A: rotting body, claws 1, carnivore 3, cold resistance 1, negative energy
resistance 3, slow healing 1, torment resistance, unbreathing
a: no special abilities


You were on level 4 of the Dungeon.
You were not hungry.

You visited 1 branch of the dungeon, and saw 4 of its levels.

You collected 179 gold pieces.

Inventory:

Missiles
 g - 2 throwing nets (quivered)
Armour
 a - a +0 robe (worn)
 i - a +0 helmet (worn)
Jewellery
 j - an uncursed amulet of faith {unknown}
 k - an uncursed ring of protection from cold {unknown}
Magical devices
 d - a wand of magic darts (24)
Scrolls
 l - 2 scrolls of amnesia
 n - a scroll of magic mapping {unknown}
Potions
 c - a potion of flight
 e - 2 potions of curing
 f - a potion of magic
Comestibles
 b - 3 meat rations
 h - 2 chunks of flesh
 m - 3 beef jerkies


   Skills:
 + Level 5.2 Fighting
 - Level 2.6 Dodging
 - Level 2.1 Stealth
 + Level 6.2 Unarmed Combat


You had 4 spell levels left.
You didn't know any spells.

Dungeon Overview and Level Annotations

Branches:
Dungeon (4/15)
 Temple: D:4-7

Altars:
Trog

Annotations:
D:4 mrath's ghost, average HESk


Innate Abilities, Weirdness & Mutations

Your body is rotting away.
You thrive on raw meat.
You are immune to poison.
You have sharp fingernails.
You are carnivorous and can eat meat at any time.
Your flesh is cold resistant.
You are immune to negative energy.
You heal slowly when monsters are visible.
You are immune to unholy pain and torment.
You can survive without breathing.


Message History

You scratch mrath's ghost.
Mrath's ghost is severely damaged.
Mrath's ghost hits you.
You closely miss mrath's ghost.
Mrath's ghost is severely damaged.
Mrath's ghost hits you.
Drink which item? (? for menu, Esc to quit)
Okay, then.
Eat one of 3 chunks of flesh? (ye/n/q/i?) This raw flesh tastes great!
Mrath's ghost hits you!
* * * LOW HITPOINT WARNING * * *
You continue eating.
Mrath's ghost hits you!
* * * LOW HITPOINT WARNING * * *
You continue eating.
Mrath's ghost hits you.
* * * LOW HITPOINT WARNING * * *
Drink which item? (? for menu, Esc to quit)
You feel better. Mrath's ghost hits you!
You die...

........?..........⌠
..##.#........#..≈≈
...................
...................
...#.##..........>.
..... #.##......... ####
#.###........
...#########.###........
.......@W....##.......##
..#############.....<...
#....)..### #..#.#####
....##.# #### #.# ###


You could see mrath's ghost.

Vanquished Creatures
  2 worker ants (D:3)
  7 adders
  4 worms
  An orc (D:3)
  3 bats
  12 goblins
  10 hobgoblins
  A quokka (D:2)
  A ball python (D:1)
  2 giant cockroaches
  A giant gecko skeleton (D:3)
  2 giant newts
  6 jackals (D:3)
  13 kobolds
  11 rats
76 creatures vanquished.

Notes
Turn   | Place    | Note
--------------------------------------------------------------
     0 | D:1      | nuthulu the Ghoul Monk began the quest for the Orb.
     0 | D:1      | Reached XP level 1. HP: 19/19 MP: 0/0
   370 | D:1      | Reached XP level 2. HP: 19/26 MP: 1/1
   716 | D:1      | Reached skill level 5 in Unarmed Combat
   992 | D:2      | Reached XP level 3. HP: 31/33 MP: 2/2
  1420 | D:2      | Reached XP level 4. HP: 36/40 MP: 3/3
  2091 | D:2      | Found a bloodstained altar of Trog.
  2423 | D:3      | Reached skill level 6 in Unarmed Combat
  2423 | D:3      | Reached XP level 5. HP: 37/46 MP: 4/4
  3000 | D:4      | Noticed mrath's ghost (average HESk)
  3086 | D:3      | Reached skill level 5 in Fighting
  3409 | D:4      | HP: 2/48 [mrath's ghost (3)]
  3410 | D:4      | Slain by mrath's ghost

Vault maps used:
D:1:      dpeg_arrival_pits
D:2:      first_bread, trog_hazing_becter
D:4:      serial_shops, shop, corexii_leaking_fountain

Action                   |  1- 3 |  4- 6 || total
-------------------------+-------+-------++-------
Melee: Unarmed           |    81 |   172 ||   253
  Use: Scroll            |     4 |     4 ||     8
       Potion            |       |     2 ||     2
 Stab: Sleeping          |     7 |     3 ||    10
  Eat: Chunk             |    21 |    37 ||    58
